 Dungeon Crawl Stone Soup version 0.20.0-15-g7f486f2 (webtiles) character file.

81 renl the Magician (level 4, -1/24 HPs)
             Began as a Kobold Wizard on July 2, 2017.
             Killed from afar by Natasha (7 damage)
             ... with a magic dart
             ... on level 3 of the Dungeon.
             The game lasted 00:12:24 (2430 turns).

renl the Magician (Kobold Wizard)                   Turns: 2430, Time: 00:12:25

Health: -1/24      AC:  2    Str:  4    XL:     4   Next: 67%
Magic:  10/10      EV: 15    Int: 19    God:
Gold:   65         SH:  0    Dex: 14    Spells: 8/11 levels left

rFire    . . .     SeeInvis .   j - +3 whip
rCold    . . .     Gourm    .   (shield restricted)
rNeg     . . .     Faith    .   a - +0 robe
rPois    .         Spirit   .   b - +0 hat
rElec    .         Reflect  .   (no cloak)
rCorr    .         Harm     .   (no gloves)
MR       .....                  (no boots)
Stlth    +.........             (no amulet)
Regen    0.1/turn               t - ring of loudness (curse)
MPRegen  0.2/turn               (no ring)

@: slowed, very slow
A: carnivore 3
a: no special abilities


You were on level 3 of the Dungeon.
You were very full.

You visited 1 branch of the dungeon, and saw 3 of its levels.

You collected 65 gold pieces.

Inventory:

Hand Weapons
 j - a +3 whip (weapon)
Missiles
 l - 7 bolts
Armour
 a - a +0 robe (worn)
 b - a +0 hat (worn)
 k - a +0 leather armour
Jewellery
 t - a cursed ring of loudness (left hand)
Scrolls
 e - 3 scrolls of teleportation {unknown}
 g - 2 scrolls of identify {unknown}
 h - a scroll of enchant weapon {unknown}
 m - 2 scrolls of magic mapping {unknown}
 o - 2 scrolls of recharging {unknown}
 q - 5 scrolls of remove curse {unknown}
 r - a scroll of enchant armour {unknown}
Potions
 f - a potion of heal wounds {unknown}
 i - a potion of haste {unknown}
 n - a potion of mutation {unknown}
 p - a potion of resistance {unknown}
 s - a potion of brilliance {unknown}
Books
 c - a book of Minor Magic

   Spells                             Type                      Level
   a - Magic Dart                     Conjuration                  1
   b - Blink                          Translocation                2
   c - Call Imp                       Summoning                    2
   d - Slow                           Hexes                        2
   e - Conjure Flame                  Conjuration/Fire             3
   f - Mephitic Cloud                 Conjuration/Poison/Air       3
Comestibles
 d - 2 meat rations


   Skills:
 + Level 0.4 Fighting
 + Level 2.7 Dodging
 + Level 3.3 Stealth
 + Level 4.3 Spellcasting
 + Level 2.2 Conjurations
   Level 1.0 Summonings
 + Level 1.0 Translocations


You had 8 spell levels left.
You knew the following spells:

 Your Spells              Type           Power        Failure   Level  Hunger
a - Magic Dart            Conj           ##..         5%          1    None
b - Blink                 Tloc           N/A          13%         2    #......


Dungeon Overview and Level Annotations

Branches:
Dungeon (3/15)

Altars:

Annotations:
D:3 Natasha


Innate Abilities, Weirdness & Mutations

You are small and have problems with some larger weapons.
You are carnivorous and can eat meat at any time.


Message History

You hit the crimson imp.
The crimson imp is moderately wounded.
Natasha wildly gestures.
Natasha shimmers violently.
Natasha claws you!
* * * LOW HITPOINT WARNING * * *
The crimson imp closely misses you.
The crimson imp blinks!
You hear the rusting of a very distant drain.
Natasha mumbles some strange words.
There is a stone staircase leading up here.
Natasha extends her claws.
Natasha casts a spell at you.
You feel yourself slow down. Natasha barely misses you.
Natasha wildly gestures.
You feel disoriented.
Natasha stares at you and mumbles some strange words.
The magic dart hits you!
You die...

#..........# #
##..........# .#
#...........#####.# #
#.......5.<..##... .#
#....#######.##.###.#
#....# #..5.....# #.5..#
####...### #....# #....h.#
###### #.###@.# ..#
#5#.#..# .## #...#..#####
..# ####.#......# ..#
#....#.####.# ..#
####........# ..#
#.##55#.#...## ###
#..5..#......#
########.###.....#.##..###


You could see Natasha and a crimson imp.

Vanquished Creatures
  Natasha (D:3)
  An adder (D:2)
  An ooze (D:1)
  A leopard gecko (D:1)
  A giant cockroach (D:2)
  6 goblins
  4 hobgoblins
  4 jackals
  3 quokkas (D:2)
  A bat (D:2)
  3 frilled lizards
  9 kobolds
  7 rats
42 creatures vanquished.

Notes
Turn   | Place    | Note
-------+----------+-------------------------------------------
     0 | D:1      | renl the Kobold Wizard began the quest for the Orb.
     0 | D:1      | Reached XP level 1. HP: 10/10 MP: 4/4
   395 | D:1      | Reached XP level 2. HP: 15/15 MP: 4/6
   399 | D:1      | Learned a level 2 spell: Blink
  1046 | D:2      | Reached XP level 3. HP: 13/19 MP: 4/8
  1166 | D:2      | Reached skill level 4 in Spellcasting
  1738 | D:2      | Reached XP level 4. HP: 24/24 MP: 2/10
  2191 | D:3      | Noticed Natasha
  2205 | D:3      | Killed Natasha
  2365 | D:3      | Noticed Natasha
  2430 | D:3      | Killed from afar by Natasha

Skill      XL: |  1  2  3  4 |
---------------+-------------+-----
Stealth        | 3 |  3.3
Spellcasting   | 4 |  4.3
Conjurations   | 2 |  2.2
Fighting       | |  0.4
Dodging        | |  2.7
Summonings     | |  1.0
Translocations | |  1.0

Action                   |  1- 3 |  4- 6 || total
-------------------------+-------+-------++-------
Melee: Dagger            |    14 |     1 ||    15
       Whip              |       |     2 ||     2
 Cast: Magic Dart        |    89 |    24 ||   113
  Eat: Chunk             |    11 |     1 ||    12
Armor: Robe              |     6 |       ||     6
Dodge: Dodged            |    36 |    17 ||    53
